 Dungeon Crawl Stone Soup version 0.17-a0-2070-g2a5e0a8 (webtiles) character file.

658 Ordine the Slasher (level 7, -1/50 HPs)
             Began as an Octopode Fighter on Oct 13, 2015.
             Was an Initiate of Dithmenos.
             Shot with an arrow by a centaur (8 damage)
             ... on level 5 of the Dungeon.
             The game lasted 00:17:43 (5726 turns).

Ordine the Slasher (Octopode Fighter)               Turns: 5726, Time: 00:17:43

Health: -1/50      AC:  1    Str: 15    XL:     7   Next: 55%
Magic:  7/7        EV: 13    Int: 11    God:    Dithmenos [......]
Gold:   169        SH:  6    Dex: 13    Spells: 0 memorised, 6 levels left

rFire  . . .     SeeInvis .     a - +1 long sword
rCold  . . .     Clarity  .     o - +2 buckler {rN+}
rNeg   + . .     SustAt   .     (helmet restricted)
rPois  .         Gourm    .     (no amulet)
rElec  .         Spirit   .     (no ring)
rCorr  .         Warding  .     (no ring)
rMut   .         Stasis   .     (no ring)
MR     .....                    (no ring)
Stlth  ++........               (no ring)
                                (no ring)
                                (no ring)
                                (no ring)

@: not resistant to hostile enchantments, unstealthy
A: almost no armour, amphibious, 8 rings, constrict 8, camouflage 1, gelatinous
body 1
a: Renounce Religion


You were on level 5 of the Dungeon.
You worshipped Dithmenos.
Dithmenos was noncommittal.
You were hungry.

You visited 2 branches of the dungeon, and saw 6 of its levels.

You collected 169 gold pieces.

Inventory:

Hand Weapons
 a - a +1 long sword (weapon)
 k - a +0 dagger
Missiles
 h - 111 stones (quivered)
 u - 4 tomahawks
Armour
 b - a +0 shield
 o - a +2 buckler of positive energy (worn)
Scrolls
 p - 4 scrolls of fear
 r - a scroll of remove curse
Potions
 e - 2 potions of magic {unknown}
 g - 2 potions of flight
 i - a potion of lignification {unknown}
 n - a potion of agility
 q - 3 potions of curing {unknown}
 s - a potion of poison {unknown}
Comestibles
 d - 4 bread rations
 j - a beef jerky
 m - 5 meat rations
 t - 2 fruits


   Skills:
 - Level 5.1 Fighting
 + Level 7.0 Long Blades
 - Level 3.0 Dodging
 - Level 3.0 Shields


You had 6 spell levels left.
You didn't know any spells.

Dungeon Overview and Level Annotations

Branches:
Dungeon (5/15)             Temple (1/1) D:4

Altars:
Ashenzari
Cheibriados
Dithmenos
Elyvilon
Fedhas
Kikubaaqudgha
Makhleb
Nemelex Xobeh
Okawaru
Ru
Trog
Xom
Yredelemnul
Zin
The Shining One

Annotations:
D:5 Eustachio


Innate Abilities, Weirdness & Mutations

You cannot wear most types of armour.
You are amphibious.
You can wear up to eight rings at the same time.
You can use your tentacles to constrict eight enemies at once.
Your skin changes colour to match your surroundings (Stealth).
Your rubbery body absorbs attacks (AC +1).


Message History

You swing at nothing.
You are feeling hungry.
Eat which item? (? for menu, Esc to quit)
Okay, then.
You climb downwards.
Level annotation: Eustachio The centaur wields an uncursed shortbow.
The centaur shoots an arrow.
The arrow hits you!
There is a stone staircase leading up, spattered with blood here.
You see here 3 arrows.
The centaur shoots an arrow.
The arrow closely misses you.
You see here an arrow.
The centaur shoots an arrow.
The arrow barely misses you.
The centaur shoots an arrow.
The arrow hits you!
You see here an arrow.
The centaur shoots an arrow.
You block the arrow.
The centaur shoots an arrow.
The arrow hits you!
* * * LOW HITPOINT WARNING * * *
The centaur shoots an arrow.
The arrow hits you!
You die...

.♣._.♣... . ....... .
## .# ..♣..≈ .. .##.#
≈...≈ .. # ....###...
... #.##........####
#.# #.#............#.#
#..###....#####@......#
#...####..c(.(..####<..
###.((......##########
##.###.<...........#
#.#.............#.?
#.............#.#
##........)...#.#.
#...###.#........(..
#...###..(....#.####.


You could see a centaur.

Vanquished Creatures
  An ice beast (D:4)
  An ogre (D:3)
  A crimson imp (D:4)
  2 hounds
  A jelly (D:3)
  2 orc priests
  2 worker ants (D:5)
  Natasha (thrice) (D:4)
  Robin (D:4)
  9 adders
  2 oozes
  The ghost of tophattingson the Stinger, a weakling DrVM (D:4)
  3 worms
  4 giant geckos
  11 orcs
  13 bats
  21 goblins
  9 hobgoblins
  A quokka (D:4)
  2 giant cockroaches (D:2)
  A giant gecko skeleton (D:4)
  3 giant newts
  2 jackals (D:2)
  5 kobolds
  A quokka skeleton (D:4)
  3 rats
  5 plants (D:3)
110 creatures vanquished.

Vanquished Creatures (others)
  A goblin (D:5)
1 creature vanquished.

Grand Total: 111 creatures vanquished

Notes
Turn   | Place    | Note
--------------------------------------------------------------
     0 | D:1      | Ordine the Octopode Fighter began the quest for the Orb.
     0 | D:1      | Reached XP level 1. HP: 16/16 MP: 1/1
   181 | D:1      | Reached XP level 2. HP: 21/21 MP: 2/2
   730 | D:1      | Reached XP level 3. HP: 24/26 MP: 3/3
   833 | D:2      | Found a faded altar to an unknown god.
  1302 | D:2      | Found a basalt altar of Yredelemnul.
  1395 | D:2      | Reached skill level 4 in Fighting
  1792 | D:2      | Reached XP level 4. HP: 31/33 MP: 4/4
  1863 | D:2      | Found a sparkling altar of Nemelex Xobeh.
  2128 | D:3      | Found a shattered altar of Ashenzari.
  2771 | D:3      | Noticed an ogre
  2792 | D:3      | Reached XP level 5. HP: 30/38 MP: 5/5
  3007 | D:3      | Killed an ogre
  3007 | D:3      | Reached skill level 5 in Fighting
  3430 | D:3      | Reached XP level 6. HP: 38/45 MP: 6/6
  3560 | D:4      | Noticed Robin
  3583 | D:4      | Noticed tophattingson's ghost (weakling DrVM)
  3918 | D:4      | Killed Robin
  3918 | D:4      | Reached skill level 5 in Long Blades
  3930 | D:4      | Killed tophattingson's ghost
  4367 | D:4      | Noticed Natasha
  4374 | D:4      | Killed Natasha
  4455 | D:4      | Found a staircase to the Ecumenical Temple.
  4458 | D:4      | Noticed Natasha
  4467 | D:4      | Killed Natasha
  4485 | Temple   | Entered the Ecumenical Temple
  4509 | Temple   | Became a worshipper of Dithmenos the Shadowed
  4716 | D:4      | Noticed Natasha
  4722 | D:4      | Killed Natasha
  5101 | D:5      | Entered Level 5 of the Dungeon
  5112 | D:5      | Reached skill level 6 in Long Blades
  5112 | D:5      | Reached XP level 7. HP: 34/50 MP: 7/7
  5406 | D:5      | Noticed Eustachio
  5616 | D:4      | Reached skill level 7 in Long Blades
  5726 | D:5      | Found a white marble altar of Elyvilon.
  5726 | D:5      | Shot with an arrow by a centaur

Vault maps used:
D:1:      lemuel_arrival_hallway, serial_glass, glass_columns_a,
          glass_columns_c, minmay_strange_pillars
D:2:      nicolae_overflow_hidden_temple, first_bread, ecumenical_altar_2,
          nemelex_xobeh_ov_fountains_minmay
D:3:      cheibrodos_ashenzari_chains, serial_bayou, serial_bayou_pond_a,
          serial_bayou_ford_a, serial_bayou_shore_a, serial_bayou_pond_d,
          minmay_misc_feat_five, minmay_ogre_servants
D:4:      minmay_temple_entry_statues_fountains, bh_walls_and_bars, uniq_robin,
          uniq_natasha
D:5:      elyvilon_altar_4, uniq_eustachio
Temple:   circular_temple_13

Action                   |  1- 3 |  4- 6 |  7- 9 || total
-------------------------+-------+-------+-------++-------
Melee: Long sword        |    82 |   201 |    29 ||   312
Throw: Stone             |       |   103 |       ||   103
  Use: Scroll            |       |    10 |       ||    10
       Potion            |       |       |     4 ||     4
 Stab: Sleeping          |     6 |     7 |       ||    13
  Eat: Chunk             |     3 |    10 |     2 ||    15
